 Dungeon Crawl Stone Soup version 0.25-b1-37-g2669288c55 (webtiles) character file.

Game seed: 2296997038002064192

65 grindst0ne the Ducker (level 3, 0/28 HPs)
             Began as a Demonspawn Gladiator on June 5, 2020.
             Succumbed to an adder's poison
             ... on level 2 of the Dungeon.
             The game lasted 00:01:42 (1336 turns).

grindst0ne the Ducker (Demonspawn Gladiator)        Turns: 1336, Time: 00:01:43

Health: 0/28       AC:  8    Str: 15    XL:     3   Next: 92%
Magic:  3/3        EV: 12    Int:  9    God:
Gold:   64         SH:  0    Dex: 14    Spells: 2/2 levels left

rFire    . . .     SeeInvis .   a - +0 war axe
rCold    . . .     Gourm    .   (no shield)
rNeg     . . .     Faith    .   i - +0 ring mail
rPois    .         Spirit   .   c - +0 helmet
rElec    .         Reflect  .   (no cloak)
rCorr    .         Harm     .   (no gloves)
MR       .....                  (no boots)
Stlth    ..........             (no amulet)
HPRegen  0.09/turn              (no ring)
MPRegen  0.08/turn              (no ring)

@: lethally poisoned (0 -> -3)
A: hooves 1, icy blue scales 1
a: no special abilities


You were on level 2 of the Dungeon.
You were hungry.

You visited 1 branch of the dungeon, and saw 2 of its levels.

You collected 64 gold pieces.

Inventory:

Hand Weapons
 a - a +0 war axe (weapon)
Missiles
 d - 3 throwing nets (quivered)
Armour
 b - a +0 leather armour
 c - a +0 helmet (worn)
 e - a +0 kite shield
 i - a +0 ring mail (worn)
Scrolls
 h - 2 scrolls of teleportation {unknown}
 j - a scroll of identify {unknown}
 k - 2 scrolls of remove curse {unknown}
Comestibles
 f - 3 rations


   Skills:
 + Level 2.7 Fighting
 - Level 2.6 Axes
 - Level 1.7 Throwing
 + Level 1.5 Armour
 + Level 3.2 Dodging
 + Level 1.1 Shields


You had 2 spell levels left.
You didn't know any spells.
Your spell library was empty.

Dungeon Overview and Level Annotations

Branches:
Dungeon (2/15)

Altars:


Innate Abilities, Weirdness & Mutations

You have large cloven feet.
You are partially covered in icy blue scales. (AC +2)


Message History

* * * LOW HITPOINT WARNING * * *
You feel sick. The adder completely misses you. The adder barely misses you.
You closely miss the adder. You kick the adder.
You kill the adder!
* * * LOW HITPOINT WARNING * * *
You feel sick.
Okay, then.
A worm comes into view.
Things that are here:
a +0 club; an adder corpse; a goblin corpse
* * * LOW HITPOINT WARNING * * *
You feel sick.
* * * LOW HITPOINT WARNING * * *
You feel sick.
* * * LOW HITPOINT WARNING * * *
You feel sick.
Found 13 stones.
* * * LOW HITPOINT WARNING * * *
You feel sick.
You die...

#.....##.##.)†$.###
#..#........)#.## #
#......#.#...%.#
..##..#.#.# #.#.###
.........###...#
##..###.....###
#........#..#
#....###....#
#.§.#.@## ###..# .#
#§#.# #.## § §§#
#.# §### #.. §# ##.


There were no monsters in sight!

Vanquished Creatures
  A gnoll (D:2)
  2 adders (D:2)
  3 dart slugs (D:1)
  2 leopard geckos (D:1)
  A ball python (D:2)
  A giant cockroach (D:1)
  3 hobgoblins (D:1)
  4 kobolds (D:1)
  3 bats (D:1)
  4 frilled lizards (D:1)
  3 goblins
  5 rats
32 creatures vanquished.

Notes
Turn   | Place    | Note
-------+----------+-------------------------------------------
     0 | D:1      | grindst0ne the Demonspawn Gladiator began the quest for the
                  | Orb.
     0 | D:1      | Reached XP level 1. HP: 16/16 MP: 1/1
   311 | D:1      | Gained mutation: You are partially covered in icy blue
                  | scales. (AC +2) [demonic ancestry]
   311 | D:1      | Reached XP level 2. HP: 22/22 MP: 2/2
   420 | D:1      | Reached skill level 3 in Dodging
   456 | D:1      | Reached skill level 1 in Armour
   696 | D:1      | Gained mutation: You have large cloven feet. [demonic
                  | ancestry]
   696 | D:1      | Reached XP level 3. HP: 28/28 MP: 3/3
  1315 | D:2      | Reached skill level 1 in Shields
  1330 | D:2      | HP: 1/28 [poisoned by an adder]
  1336 | D:2      | Succumbed to an adder's poison

Illustrated notes

Levels and vault maps discovered:
D:1:      dpeg_arrival_chambers_temple_mockup, layout_loops_ring
D:2:      layout_loops_corners, grunt_dithmenos_smoke_and_mirrors,
          minmay_misc_feat_columns, grunt_ministairs_4, minmay_fractal_squares_5

Skill      XL: |  1  2  3 |
---------------+----------+-----
Dodging        | 3 |  3.2
Armour         | 1 |  1.5
Shields        | 1 |  1.1
Fighting       | |  2.7
Axes           | |  2.6
Throwing       | |  1.7

Action                   || total
-------------------------++-------
Melee: War axe           ||   107
       Kick              ||     5
 Stab: Sleeping          ||     1
  Eat: Chunk             ||     1
Armor: Leather armour    ||    29
       Ring mail         ||    28
Dodge: Dodged            ||    81
